| TOP OF THE 1ST |
|
Tulsa Drillers batting - Pitching for Iowa Oaks : RHP Robert Almeraz
|
|
Pitching: RHP Robert Almeraz
|
|
|
Batting: SHB Paul Householder
|
0-0: Ball 1-0: Foul Ball, location: 2F 1-1: Ball 2-1: DOUBLE (Line Drive, 8LXD, EV 107.5 MPH)
|
|
Batting: RHB Victor Rios
|
0-0: Called Strike 0-1: Ball 1-1: Swinging Strike 1-2: Strikes out swinging
|
|
Batting: LHB Jim Adduci
|
0-0: Ball 1-0: Ball 2-0: Called Strike 2-1: SINGLE (Line Drive, 6D, EV 106.3 MPH) Paul Householder to third Runner from 3rd tries for Home, SAFE, throw by CF to home
|
|
Batting: LHB Randy Braun
|
0-0: Fielders Choice at 2nd, 4-6 (Groundball, 4, EV 88.1 MPH)
|
|
Batting: SHB Luis Quinones
|
0-0: Fielders Choice at 2nd, 5-4 (Groundball, 56, EV 80.0 MPH)
|
| Top of the 1st over - 1 run, 2 hits, 0 errors, 1 left on base; Tulsa 1 - Iowa 0 |
| BOTTOM OF THE 1ST |
|
Iowa Oaks batting - Pitching for Tulsa Drillers : RHP Luis Garcia
|
|
Pitching: RHP Luis Garcia
|
|
|
Batting: SHB Michael Pace
|
0-0: Ball 1-0: Ball 2-0: Ball 3-0: Base on Balls
|
|
Batting: RHB Mike Richardt
|
0-0: Ball 1-0: Grounds into double play, 4-6-3 (Groundball, 4S, EV 87.5 MPH)
|
|
Batting: SHB Mike Turgeon
|
0-0: Called Strike 0-1: Foul Ball, location: 2F 0-2: Foul Ball, location: 2F 0-2: Foul Ball, location: 2F 0-2: Ground out 5-3 (Groundball, 5, EV 95.0 MPH)
|
| Bottom of the 1st over - 0 runs, 0 hits, 0 errors, 0 left on base; Tulsa 1 - Iowa 0 |
| TOP OF THE 2ND |
|
Tulsa Drillers batting - Pitching for Iowa Oaks : RHP Robert Almeraz
|
|
Batting: RHB Bob Grandas
|
0-0: Ball 1-0: Called Strike 1-1: Ball 2-1: DOUBLE (Line Drive, 3D, EV 95.6 MPH)
|
|
Batting: RHB Don Ruzek
|
0-0: Ball Bob Grandas steals 3rd base (no throw) 1-0: Foul Ball, location: 2F 1-1: Called Strike 1-2: Foul Ball, location: 2F 1-2: Ball 2-2: Strikes out swinging
|
|
Batting: RHB Steve Herz
|
0-0: Called Strike 0-1: Ball 1-1: SINGLE (Groundball, 34D, EV 98.8 MPH) Bob Grandas scores
|
|
Batting: RHB Onix Concepcion
|
0-0: Called Strike 0-1: Ball 1-1: Ball 2-1: Ball 3-1: Foul Ball, location: 2F 3-2: Foul Ball, location: 2F 3-2: Fly out, F4 (Line Drive, 4, EV 66.3 MPH)
|
|
Batting: SHB Paul Householder
|
0-0: Called Strike 0-1: Foul Ball, location: 2F 0-2: Foul Ball, location: 2F 0-2: Ball 1-2: SINGLE (Groundball, 56, EV 102.5 MPH) (infield hit) Steve Herz to second
|
|
Batting: RHB Victor Rios
|
0-0: Ball 1-0: Called Strike 1-1: Ball 2-1: Ball 3-1: Called Strike 3-2: Foul Ball, location: 2F 3-2: Fly out, F8 (Flyball, 8LS, EV 89.4 MPH)
|
| Top of the 2nd over - 1 run, 3 hits, 0 errors, 2 left on base; Tulsa 2 - Iowa 0 |
| BOTTOM OF THE 2ND |
|
Iowa Oaks batting - Pitching for Tulsa Drillers : RHP Luis Garcia
|
|
Batting: RHB Dave F Schmidt
|
0-0: Foul Ball, location: 2F 0-1: Swinging Strike 0-2: Strikes out swinging
|
|
Batting: LHB Donald Johnson
|
0-0: Called Strike 0-1: Fly out, F8 (Flyball, 78XD, EV 104.4 MPH)
|
|
Batting: RHB Mark Benson
|
0-0: Foul Ball, location: 2F 0-1: Foul Ball, location: 2F 0-2: Ball 1-2: Foul Ball, location: 2F 1-2: Fly out, F7 (Flyball, 7, EV 88.8 MPH)
|
| Bottom of the 2nd over - 0 runs, 0 hits, 0 errors, 0 left on base; Tulsa 2 - Iowa 0 |
| TOP OF THE 3RD |
|
Tulsa Drillers batting - Pitching for Iowa Oaks : RHP Robert Almeraz
|
|
Batting: LHB Jim Adduci
|
0-0: Ball 1-0: Ball 2-0: Swinging Strike 2-1: Called Strike 2-2: Ball 3-2: Foul Ball, location: 2F 3-2: SINGLE (Line Drive, 8RS, EV 105.0 MPH)
|
|
Batting: LHB Randy Braun
|
0-0: Ball 1-0: Ball 2-0: Called Strike 2-1: Ball 3-1: Called Strike 3-2: Base on Balls Jim Adduci to second
|
|
Batting: SHB Luis Quinones
|
0-0: Called Strike 0-1: Ball 1-1: Foul Ball, location: 2F 1-2: Ball 2-2: Foul Ball, location: 2F 2-2: Foul Ball, location: 2F 2-2: Fielders Choice at 2nd, 3-6 (Groundball, 34, EV 93.1 MPH) Jim Adduci to third
|
|
Batting: RHB Bob Grandas
|
0-0: Called Strike 0-1: Called Strike 0-2: Ball 1-2: Strikes out looking
|
|
Batting: RHB Don Ruzek
|
0-0: Called Strike 0-1: Ball 1-1: Fielders Choice at 2nd, U6 (Groundball, 6M, EV 104.4 MPH)
|
| Top of the 3rd over - 0 runs, 1 hit, 0 errors, 2 left on base; Tulsa 2 - Iowa 0 |
| BOTTOM OF THE 3RD |
|
Iowa Oaks batting - Pitching for Tulsa Drillers : RHP Luis Garcia
|
|
Batting: RHB Ronald Evans
|
0-0: Fly out, F8 (Flyball, 8RD, EV 91.3 MPH)
|
|
Batting: LHB Bob Hamilton
|
0-0: Ball 1-0: Foul Ball, location: 2F 1-1: Ball 2-1: Ball 3-1: Foul Ball, location: 2F 3-2: Base on Balls
|
|
Batting: LHB Wayne Krenchicki
|
0-0: Fly out, F9 (Flyball, 9LM, EV 95.0 MPH)
|
|
Batting: SHB Michael Pace
|
0-0: Ball 1-0: Called Strike 1-1: Called Strike 1-2: Strikes out looking
|
| Bottom of the 3rd over - 0 runs, 0 hits, 0 errors, 1 left on base; Tulsa 2 - Iowa 0 |
| TOP OF THE 4TH |
|
Tulsa Drillers batting - Pitching for Iowa Oaks : RHP Robert Almeraz
|
|
Batting: RHB Steve Herz
|
0-0: SINGLE (Groundball, 6D, EV 98.1 MPH)
|
|
Batting: RHB Onix Concepcion
|
0-0: Called Strike 0-1: SINGLE (Groundball, 56D, EV 95.0 MPH) Steve Herz to second
|
|
Batting: SHB Paul Householder
|
0-0: Ball 1-0: Foul Ball, location: 2F 1-1: Fielders Choice at 2nd, 3-6 (Groundball, 34, EV 81.3 MPH) Steve Herz to third
|
|
Batting: RHB Victor Rios
|
0-0: Ball Paul Householder steals 2nd base 1-0: Swinging Strike 1-1: Called Strike 1-2: Ball 2-2: DOUBLE (Flyball, 89D, EV 91.9 MPH) Steve Herz scores Paul Householder scores
|
|
Batting: LHB Jim Adduci
|
0-0: Ball 1-0: Fly out, F6 (Popup, 6MS, EV 63.1 MPH)
|
|
Batting: LHB Randy Braun
|
0-0: Called Strike 0-1: Fly out, F6 (Popup, 6M, EV 61.9 MPH)
|
| Top of the 4th over - 2 runs, 3 hits, 0 errors, 1 left on base; Tulsa 4 - Iowa 0 |
| BOTTOM OF THE 4TH |
|
Iowa Oaks batting - Pitching for Tulsa Drillers : RHP Luis Garcia
|
|
Batting: RHB Mike Richardt
|
0-0: Ball 1-0: Ground out U3 (Groundball, 34S, EV 65.0 MPH)
|
|
Batting: SHB Mike Turgeon
|
0-0: Called Strike 0-1: Ball 1-1: Ground out 5-3 (Groundball, 56, EV 83.1 MPH)
|
|
Batting: RHB Dave F Schmidt
|
0-0: Ball 1-0: Ball 2-0: Ball 3-0: Called Strike 3-1: Foul Ball, location: 2F 3-2: Foul Ball, location: 2F 3-2: Foul Ball, location: 2F 3-2: Foul Ball, location: 2F 3-2: SINGLE (Groundball, 56D, EV 99.4 MPH)
|
|
Batting: LHB Donald Johnson
|
0-0: Called Strike 0-1: Ball 1-1: Fielders Choice at 2nd, 6-4 (Groundball, 6, EV 87.5 MPH)
|
| Bottom of the 4th over - 0 runs, 1 hit, 0 errors, 1 left on base; Tulsa 4 - Iowa 0 |
| TOP OF THE 5TH |
|
Tulsa Drillers batting - Pitching for Iowa Oaks : RHP Robert Almeraz
|
|
Batting: SHB Luis Quinones
|
0-0: Ball 1-0: Ball 2-0: Called Strike 2-1: Foul Ball, location: 2F 2-2: Ball 3-2: Foul Ball, location: 2F 3-2: Strikes out swinging
|
|
Batting: RHB Bob Grandas
|
0-0: Called Strike 0-1: Ball 1-1: Called Strike 1-2: Fly out, F8 (Flyball, 89M, EV 94.4 MPH)
|
|
Batting: RHB Don Ruzek
|
0-0: SINGLE (Groundball, 6M, EV 108.1 MPH) (infield hit)
|
|
Batting: RHB Steve Herz
|
0-0: Ball Don Ruzek steals 2nd base (no throw) 1-0: Called Strike 1-1: Ball 2-1: Called Strike 2-2: Ground out U3 (Groundball, 3L, EV 85.6 MPH)
|
| Top of the 5th over - 0 runs, 1 hit, 0 errors, 1 left on base; Tulsa 4 - Iowa 0 |
| BOTTOM OF THE 5TH |
|
Iowa Oaks batting - Pitching for Tulsa Drillers : RHP Luis Garcia
|
|
Batting: RHB Mark Benson
|
0-0: SINGLE (Groundball, 56D, EV 98.1 MPH)
|
|
Batting: RHB Ronald Evans
|
0-0: Bunted foul 0-1: Ball 1-1: Bunt missed! 1-2: Foul Ball, location: 2F 1-2: Ball 2-2: Foul Ball, location: 2F 2-2: Ball 3-2: Foul Ball, location: 2F 3-2: Foul Ball, location: 2F 3-2: Strikes out looking
|
|
Batting: LHB Bob Hamilton
|
0-0: Called Strike 0-1: Foul Ball, location: 2F 0-2: Strikes out swinging
|
|
Batting: LHB Wayne Krenchicki
|
0-0: Fly out, F8 (Flyball, 8RM, EV 91.3 MPH)
|
| Bottom of the 5th over - 0 runs, 1 hit, 0 errors, 1 left on base; Tulsa 4 - Iowa 0 |
| TOP OF THE 6TH |
|
Tulsa Drillers batting - Pitching for Iowa Oaks : RHP Robert Almeraz
|
|
Batting: RHB Onix Concepcion
|
0-0: Called Strike 0-1: Ball 1-1: Fly out, F9 (Flyball, 9D, EV 89.4 MPH)
|
|
Batting: SHB Paul Householder
|
0-0: SINGLE (Line Drive, 8LS, EV 96.9 MPH)
|
|
Batting: RHB Victor Rios
|
0-0: Ball Paul Householder steals 2nd base 1-0: Reached on error, E4 (Groundball, 4M, EV 104.4 MPH) Paul Householder to third
|
|
Batting: LHB Jim Adduci
|
0-0: Called Strike 0-1: Ball 1-1: Ball 2-1: Ball 3-1: Base on Balls Victor Rios to second
|
|
Batting: LHB Randy Braun
|
0-0: Swinging Strike 0-1: Ball 1-1: Foul Ball, location: 2F 1-2: Ball 2-2: GRAND SLAM HOME RUN (Flyball, 9D, EV 94.4 MPH), Distance : 376 ft
|
|
Pitching: RHP Wesley Williams
|
|
|
Batting: SHB Luis Quinones
|
0-0: Ball 1-0: Called Strike 1-1: Called Strike 1-2: Ground out 4-3 (Groundball, 4, EV 85.0 MPH)
|
|
Batting: RHB Bob Grandas
|
0-0: Ground out 6-3 (Groundball, 4M, EV 87.5 MPH)
|
| Top of the 6th over - 4 runs, 2 hits, 1 error, 0 left on base; Tulsa 8 - Iowa 0 |
| BOTTOM OF THE 6TH |
|
Iowa Oaks batting - Pitching for Tulsa Drillers : RHP Luis Garcia
|
|
Batting: SHB Michael Pace
|
0-0: Ball 1-0: Foul Ball, location: 2F 1-1: Ball 2-1: Ground out 6-3 (Groundball, 6M, EV 81.3 MPH)
|
|
Batting: RHB Mike Richardt
|
0-0: Fly out, F8 (Line Drive, 8LD, EV 106.3 MPH)
|
|
Batting: SHB Mike Turgeon
|
0-0: Fly out, F8 (Line Drive, 8LM, EV 86.9 MPH)
|
| Bottom of the 6th over - 0 runs, 0 hits, 0 errors, 0 left on base; Tulsa 8 - Iowa 0 |
| TOP OF THE 7TH |
|
Tulsa Drillers batting - Pitching for Iowa Oaks : RHP Wesley Williams
|
|
Batting: RHB Don Ruzek
|
0-0: Ball 1-0: Ball 2-0: Ground out 4-3 (Groundball, 4, EV 91.3 MPH)
|
|
Batting: RHB Steve Herz
|
0-0: Called Strike 0-1: Fly out, F8 (Line Drive, 8LD, EV 105.6 MPH)
|
|
Batting: RHB Onix Concepcion
|
0-0: Called Strike 0-1: Called Strike 0-2: Foul Ball, location: 2F 0-2: Fly out, F7 (Line Drive, 7, EV 90.0 MPH)
|
| Top of the 7th over - 0 runs, 0 hits, 0 errors, 0 left on base; Tulsa 8 - Iowa 0 |
| BOTTOM OF THE 7TH |
|
Iowa Oaks batting - Pitching for Tulsa Drillers : RHP Luis Garcia
|
|
Batting: RHB Dave F Schmidt
|
0-0: Ball 1-0: Ball 2-0: Foul Ball, location: 2F 2-1: Swinging Strike 2-2: Strikes out swinging
|
|
Batting: LHB Donald Johnson
|
0-0: Ball 1-0: Called Strike 1-1: Ball 2-1: Ball 3-1: Base on Balls
|
|
Batting: RHB Mark Benson
|
0-0: Ball 1-0: Ball 2-0: Called Strike 2-1: Ball 3-1: Called Strike 3-2: Fielders Choice at 2nd, 4-6 (Groundball, 4, EV 83.1 MPH)
|
|
Batting: RHB Ronald Evans
|
0-0: Ball 1-0: Ball 2-0: Ball 3-0: Called Strike 3-1: Base on Balls Mark Benson to second
|
|
Batting: LHB Bob Hamilton
|
0-0: Ball 1-0: Ball 2-0: Ball 3-0: Called Strike 3-1: Foul Ball, location: 2F 3-2: Base on Balls Mark Benson to third Ronald Evans to second
|
|
Batting: LHB Wayne Krenchicki
|
0-0: Foul Ball, location: 2F 0-1: Fielders Choice at 2nd, U4 (Groundball, 4M, EV 82.5 MPH)
|
| Bottom of the 7th over - 0 runs, 0 hits, 0 errors, 3 left on base; Tulsa 8 - Iowa 0 |
| TOP OF THE 8TH |
|
Tulsa Drillers batting - Pitching for Iowa Oaks : RHP Wesley Williams
|
|
Batting: SHB Paul Householder
|
0-0: Ball 1-0: Swinging Strike 1-1: Swinging Strike 1-2: Foul Ball, location: 2F 1-2: Ball 2-2: Fly out, F6 (Popup, 15, EV 84.4 MPH)
|
|
Batting: RHB Victor Rios
|
0-0: Called Strike 0-1: Ball 1-1: Ball 2-1: Ball 3-1: Base on Balls
|
|
Pinch Hitting: RHB Nick Belmonte
|
0-0: Called Strike 0-1: Fly out, F4 (Popup, 4MD, EV 46.3 MPH)
|
|
Batting: LHB Randy Braun
|
0-0: Called Strike 0-1: Fly out, F7 (Flyball, 78S, EV 86.3 MPH)
|
| Top of the 8th over - 0 runs, 0 hits, 0 errors, 1 left on base; Tulsa 8 - Iowa 0 |
| BOTTOM OF THE 8TH |
|
Iowa Oaks batting - Pitching for Tulsa Drillers : RHP Luis Garcia
|
|
Now in LF: Nick Belmonte
|
|
|
Batting: SHB Michael Pace
|
0-0: Called Strike 0-1: Ball 1-1: Foul Ball, location: 2F 1-2: Strikes out looking
|
|
Batting: RHB Mike Richardt
|
0-0: Ball 1-0: Ball 2-0: Called Strike 2-1: Called Strike 2-2: Ground out U3 (Groundball, 34, EV 92.5 MPH)
|
|
Pinch Hitting: LHB Claude Sammons
|
0-0: Ball 1-0: Foul Ball, location: 2F 1-1: Ball 2-1: Foul Ball, location: 2F 2-2: Ground out U3 (Groundball, 34, EV 103.1 MPH)
|
| Bottom of the 8th over - 0 runs, 0 hits, 0 errors, 0 left on base; Tulsa 8 - Iowa 0 |
| TOP OF THE 9TH |
|
Tulsa Drillers batting - Pitching for Iowa Oaks : RHP Wesley Williams
|
|
Now at 1B: Claude Sammons
|
|
|
Batting: SHB Luis Quinones
|
0-0: Fly out, F8 (Flyball, 89D, EV 91.9 MPH)
|
|
Batting: RHB Bob Grandas
|
0-0: Fly out, F8 (Flyball, 8LXD, EV 95.0 MPH)
|
|
Batting: RHB Don Ruzek
|
0-0: Ball 1-0: Foul Ball, location: 2F 1-1: Ball 2-1: Ball 3-1: Base on Balls
|
|
Batting: RHB Steve Herz
|
0-0: Ball 1-0: Ball 2-0: Swinging Strike 2-1: Called Strike 2-2: Ball 3-2: Base on Balls Don Ruzek to second
|
|
Batting: RHB Onix Concepcion
|
0-0: Called Strike 0-1: Fly out, F9 (Flyball, 9, EV 73.1 MPH)
|
| Top of the 9th over - 0 runs, 0 hits, 0 errors, 2 left on base; Tulsa 8 - Iowa 0 |
| BOTTOM OF THE 9TH |
|
Iowa Oaks batting - Pitching for Tulsa Drillers : RHP Luis Garcia
|
|
Batting: RHB Dave F Schmidt
|
0-0: Called Strike 0-1: Foul Ball, location: 2F 0-2: Ball 1-2: Ball 2-2: Foul Ball, location: 2F 2-2: Strikes out looking
|
|
Batting: LHB Donald Johnson
|
0-0: Called Strike 0-1: Swinging Strike 0-2: Ground out 6-3 (Groundball, 6, EV 96.9 MPH)
|
|
Batting: RHB Mark Benson
|
0-0: Ball 1-0: Called Strike 1-1: SINGLE (Groundball, 6MD, EV 104.4 MPH) (infield hit)
|
|
Batting: RHB Ronald Evans
|
0-0: Ball 1-0: Swinging Strike 1-1: Swinging Strike 1-2: Foul Ball, location: 2F 1-2: Ball 2-2: Strikes out swinging
|
| Bottom of the 9th over - 0 runs, 1 hit, 0 errors, 1 left on base; Tulsa 8 - Iowa 0 |
|